 Dungeon Crawl Stone Soup version 0.16-a0-1348-g01787a8 (webtiles) character file.

275 Psiweapon the Chucker (level 6, -4/62 HPs)
             Began as an Ogre Hunter on Oct 18, 2014.
             Slain by a sky beast (6 damage)
             ... on level 5 of the Dungeon.
             The game lasted 00:26:43 (4825 turns).

Psiweapon the Chucker (Ogre Hunter)                 Turns: 4825, Time: 00:26:43

Health: -4/62      AC:  4    Str: 18    XL:     6   Next: 24%
Magic:  8/8        EV: 10    Int: 10    God:
Gold:   188        SH:  0    Dex: 12    Spells: 1 memorised, 5 levels left

rFire  . . .     SeeInvis .     C - +0 flail
rCold  . . .     Clarity  .     d - +1 animal skin
rNeg   . . .     SustAb   .     (shield restricted)
rPois  +         Gourm    .     (helmet restricted)
rElec  .         Spirit   .     (no cloak)
rCorr  .         Warding  .     (gloves unavailable)
rMut   .         Stasis   .     (boots unavailable)
MR     .....                    (no amulet)
Stlth  +.........               (no ring)
                                v - ring of poison resistance

@: not resistant to hostile enchantments, very unstealthy
A: unfitting armour, tough skin 1
a: no special abilities


You were on level 5 of the Dungeon.
You were not hungry.

You visited 1 branch of the dungeon, and saw 5 of its levels.

You collected 188 gold pieces.

Inventory:

Hand weapons
 a - a +1 club
 A - a +0 hunting sling
 C - a +0 flail (weapon)
 D - a +0 whip
Missiles
 b - 3 large rocks
 c - 2 throwing nets
 j - 48 stones (quivered)
 m - 83 bolts
 t - 3 curare-tipped needles
 x - 32 poisoned needles
 B - 20 sling bullets
Armour
 d - a +1 animal skin (worn)
Jewellery
 v - a ring of poison resistance (left hand)
 N - an uncursed ring of ice
Magical devices
 K - a wand of lightning (7)
 M - a wand of random effects (29)
Scrolls
 e - a scroll of recharging
 k - 2 scrolls of fear
 o - a scroll of enchant armour
 r - a scroll of remove curse
 w - a scroll of immolation {unknown}
 y - a scroll of blinking
 z - a scroll of fog {unknown}
 G - a scroll of magic mapping {unknown}
 P - a scroll of teleportation {unknown}
Potions
 g - 2 potions of cancellation
 h - 2 potions of flight
 J - a potion of might
Books
 I - a book of Transfigurations

   Spells                             Type                      Level
   *Stoneskin                         Transmutation/Earth          2
   Irradiate                          Conjuration/Transmutation    5
   Statue Form                        Transmutation/Earth          6
   Hydra Form                         Transmutation                6
   Dragon Form                        Transmutation                7
Comestibles
 f - 2 meat rations
 i - a chunk of worker ant flesh
 l - 7 bread rations
 n - a slice of pizza
 p - a royal jelly
 O - a fruit


   Skills:
 + Level 4.2 Fighting
 + Level 3.6 Maces & Flails
 - Level 5.5 Throwing
 - Level 3.1 Dodging
 - Level 1.2 Stealth
 + Level 1.0 Spellcasting


You had 5 spell levels left.
You knew the following spells:

 Your Spells              Type           Power        Failure   Level  Hunger
a - Stoneskin             Trmt/Erth      #.......     61%         2    ###....


Dungeon Overview and Level Annotations

Branches:
Dungeon (5/15)
 Temple: D:4-7

Altars:
Ashenzari

Shops:
D:4 :

Annotations:
D:5 Prince Ribbit


Innate Abilities, Weirdness & Mutations

You are too large for most types of armour.
You have tough skin (AC +1).


Message History

Something hits you but does no damage.
You hit something. Something hits you. Something shocks you.
You miss something. Something hits you. Something shocks you.
Something hits you but does no damage.
You miss something. Something hits you. Something shocks you.
You barely miss something. Something hits you but does no damage.
You closely miss something. Something hits you. Something shocks you.
You completely miss something. Something hits you but does no damage.
Something hits you.
* * * LOW HITPOINT WARNING * * *
Something shocks you.
* * * LOW HITPOINT WARNING * * *
You hit something. Something hits you.
* * * LOW HITPOINT WARNING * * *
Something shocks you.
* * * LOW HITPOINT WARNING * * *
You hit something. Something hits you.
* * * LOW HITPOINT WARNING * * *
Something shocks you.
You die...

###....# #...##
####.###..## ###.##..##
#......## ##...#.%# ##
####....##.## +#.#
............###..# ##.
####...####.....###......
#.......(#...@........
##.######(#..##{.......
#...# #........=....
#...# #...##........
#...# #...# ....####
#...# #.... ...# #...#
##.#. ...#
###...######.#. #..#
..............


There were no monsters in sight!

Vanquished Creatures
  An iguana (D:5)
  3 worker ants
  2 adders
  2 gnolls (D:3)
  A shadow imp (D:5)
  3 worms
  A giant mite (D:4)
  5 giant geckos
  An ooze (D:3)
  7 orcs (D:3)
  2 ball pythons (D:1)
  9 bats
  3 giant cockroaches
  11 goblins
  9 hobgoblins
  9 jackals
  5 kobolds
  A giant newt (D:3)
  A hobgoblin skeleton (D:4)
  2 quokkas (D:3)
  23 rats
101 creatures vanquished.

Notes
Turn   | Place    | Note
--------------------------------------------------------------
     0 | D:1      | Psiweapon, the Ogre Hunter, began the quest for the Orb.
     0 | D:1      | Reached XP level 1. HP: 22/22 MP: 1/1
   202 | D:1      | Reached skill level 1 in Maces & Flails
   202 | D:1      | Reached XP level 2. HP: 26/29 MP: 2/2
   548 | D:1      | Reached skill level 5 in Throwing
   724 | D:1      | Reached XP level 3. HP: 36/36 MP: 3/3
  1404 | D:2      | Reached XP level 4. HP: 33/44 MP: 4/4
  1727 | D:2      | Reached skill level 1 in Stealth
  2686 | D:3      | Reached XP level 5. HP: 29/53 MP: 5/5
  3467 | D:4      | Found a staircase to the Ecumenical Temple.
  3550 | D:4      | Found Ikam's Book Emporium.
  3653 | D:4      | Found a shattered altar of Ashenzari.
  3673 | D:4      | Learned a level 2 spell: Stoneskin
  4043 | D:5      | Entered Level 5 of the Dungeon
  4126 | D:5      | Noticed Prince Ribbit
  4632 | D:5      | Reached XP level 6. HP: 52/62 MP: 5/7
  4651 | D:5      | Reached skill level 1 in Spellcasting
  4815 | D:5      | Noticed a sky beast
  4825 | D:5      | HP: 2/62 [something (2)]
  4825 | D:5      | Slain by a sky beast

Action                   |  1- 3 |  4- 6 || total
-------------------------+-------+-------++-------
Melee: Club              |   134 |    92 ||   226
       Flail             |       |   111 ||   111
Throw: Stone             |    17 |    87 ||   104
       Large rock        |     4 |    11 ||    15
       Throwing net      |     1 |       ||     1
  Use: Scroll            |       |     9 ||     9
       Potion            |       |     5 ||     5
 Stab: Held in net/web   |     2 |       ||     2
       Sleeping          |       |     1 ||     1
  Eat: Chunk             |     2 |    10 ||    12
       Fruit             |       |     1 ||     1
